 Dungeon Crawl Stone Soup version 0.27.1-4-g1640c2035a (webtiles) character file.

Game seed: 266855936877791347

167 Stomo444 the Cudgeller (level 5, 0/41 HPs)
             Began as a Demonspawn Gladiator on Nov 9, 2021.
             Slain by an iguana (14 damage)
             ... on level 4 of the Dungeon.
             The game lasted 00:05:30 (4629 turns).

Stomo444 the Cudgeller (Demonspawn Gladiator)       Turns: 4629, Time: 00:05:32

Health: 0/41       AC:  3    Str: 15 (16) XL:     5   Next: 23%
Magic:  5/5        EV: 12    Int:  9      God:
Gold:   224        SH:  0    Dex: 14      Spells: 4/4 levels left

rFire    + . .     SeeInvis +   a - +0 flail
rCold    + . .     Faith    .   (no shield)
rNeg     . . .     Spirit   .   b - +0 leather armour
rPois    .         Reflect  .   (helmet restricted)
rElec    .         Harm     .   e - scarf {rC+ rF+}
rCorr    .         Rampage  .   (no gloves)
Will     .....                  (no boots)
Stlth    +.........             (no amulet)
HPRegen  0.13/turn              (no ring)
MPRegen  0.09/turn              (no ring)

@: no status effects
A: antennae 1, claws 1, see invisible, MP-powered wands
a: no special abilities


You were on level 4 of the Dungeon.
You visited 1 branch of the dungeon, and saw 4 of its levels.

You collected 224 gold pieces.

Inventory:

Hand Weapons
 a - a +0 flail (weapon)
Missiles
 d - 4 throwing nets (quivered)
Armour
 b - a +0 leather armour (worn)
 c - a +0 helmet
 e - a scarf of resistance (worn)
Wands
 k - a wand of paralysis (3)
Scrolls
 f - a scroll of teleportation
 h - 2 scrolls of identify
 j - 2 scrolls of fear {unknown}
 l - a scroll of magic mapping {unknown}
 p - a scroll of summoning {unknown}
Potions
 g - a potion of attraction
 i - 5 potions of degeneration
 m - a potion of flight {unknown}
 n - a potion of curing
 o - a potion of heal wounds {unknown}


   Skills:
 * Level 3.4 Fighting
 * Level 3.8 Maces & Flails
 - Level 1.7 Throwing
 + Level 1.6 Armour
 + Level 3.3 Dodging


You had 4 spell levels left.
You didn't know any spells.
Your spell library contained the following spells:

 Spells                   Type           Power      Damage    Failure   Level
 Freezing Cloud           Conj/Ice/Air   0%         6-21      100%        5
 Simulacrum               Ice/Necr       0%         N/A       100%        6
 Polar Vortex             Ice            0%         N/A       100%        9


Dungeon Overview and Level Annotations

Branches:
Dungeon (4/15)
 Temple: D:4-7

Altars:
Ashenzari


Innate Abilities, Weirdness & Mutations

You have a pair of small antennae on your head.
You have sharp fingernails.
You have supernaturally acute eyesight. (SInv)
You expend magic power (3 MP) to strengthen your wands.


Message History

Found a flail.
Found 13 gold pieces.
You now have 224 gold pieces (gained 13).
An iguana comes into view.
The iguana hisses angrily.
An iguana is nearby!
An iguana is nearby!
An iguana is nearby!
An iguana is nearby!
An iguana is nearby!
You barely miss the iguana. The iguana bites you!
You barely miss the iguana. The iguana bites you. The iguana barely misses you.
You sock the iguana!
The iguana is heavily wounded.
The iguana misses you.
You barely miss the iguana.
The iguana is heavily wounded.
The iguana bites you.
You barely miss the iguana.
The iguana is heavily wounded.
The iguana misses you.
You hit the iguana but do no damage.
The iguana is heavily wounded.
The iguana barely misses you.
You hit the iguana.
The iguana is almost dead.
The iguana closely misses you. The iguana bites you.
You closely miss the iguana.
The iguana is almost dead.
The iguana barely misses you.
You closely miss the iguana.
The iguana is almost dead.
The iguana closely misses you.
You hit the iguana but do no damage.
The iguana is almost dead.
The iguana bites you.
You completely miss the iguana.
The iguana is almost dead.
The iguana bites you!
You die...

......................##..####
##.......)###......#.........#
........).# #......##.##.##..^
##........# #......##.##.####.
#.......<# #########....#####
#####.#### ###..#)... #....
#.........
#.....##########.........
.......l@.......>........
.......#########.........
.......#######...........
#..............#.....####
.......#########.....# .......
#.....# ....... #######
#.....#


You could see an iguana.

Vanquished Creatures
  A hound (D:4)
  3 gnolls
  An adder (D:2)
  3 worms
  2 dart slugs
  An orc (D:4)
  3 ball pythons
  2 bats
  9 endoplasms
  2 giant cockroaches
  11 goblins
  8 hobgoblins
  11 jackals
  6 kobolds
  4 quokkas
  4 frilled lizards
  4 rats
75 creatures vanquished.

Vanquished Creatures (others)
  An ogre (D:4)
  An orc (D:4)
  A jackal (D:4)
  6 plants (D:3)
9 creatures vanquished.

Grand Total: 84 creatures vanquished

Notes
Turn   | Place    | Note
-------+----------+-------------------------------------------
     0 | D:1      | Stomo444 the Demonspawn Gladiator began the quest for the
                  | Orb.
     0 | D:1      | Reached XP level 1. HP: 16/16 MP: 1/1
   475 | D:1      | Gained mutation: You have a pair of small antennae on your
                  | head. [demonic ancestry]
   475 | D:1      | Reached XP level 2. HP: 14/22 MP: 2/2
  1435 | D:2      | Reached XP level 3. HP: 25/28 MP: 3/3
  1597 | D:2      | Gained mutation: You expend magic power (3 MP) to
                  | strengthen your wands. [potion of mutation]
  1597 | D:2      | Gained mutation: You have supernaturally acute eyesight.
                  | (SInv) [potion of mutation]
  1601 | D:2      | Reached skill level 1 in Armour
  2238 | D:2      | Reached XP level 4. HP: 34/34 MP: 4/4
  3136 | D:3      | Found a broken altar of Ashenzari.
  3806 | D:4      | Killed an ogre
  3861 | D:4      | HP: 1/35 [gnoll (3)]
  4397 | D:4      | Gained mutation: You have sharp fingernails. [demonic
                  | ancestry]
  4397 | D:4      | Reached XP level 5. HP: 38/41 MP: 5/5
  4629 | D:4      | Slain by an iguana

Illustrated notes

Levels and vault maps discovered:
D:1:      eino_arrival_tree_alley, layout_loops_ring, chequers_avenue
D:2:      layout_basic, minmay_goblin_outpost
D:3:      layout_loops_corners, mainiacjoe_overflow_alcove_2,
          minmay_misc_feat_secret_circle, chequers_serial_rivers_marsh,
          serial_bayou_crossing
D:4:      layout_rooms, xom_confusion_cloud, dk_noncrumbling_4,
          mrwooster_statue_mirror

Skill      XL: |  1  2  3  4 |
---------------+-------------+-----
Maces & Flails | 3 |  3.8
Dodging        | 3 |  3.3
Armour         | 1 |  1.6
Fighting       | 3 |  3.4
Throwing       | |  1.7

Action                   |  1- 3 |  4- 6 || total
-------------------------+-------+-------++-------
Melee: Flail             |   169 |   138 ||   307
  Use: Potion            |     4 |     1 ||     5
       Scroll            |       |     2 ||     2
 Stab: Sleeping          |     1 |     1 ||     2
Armor: Leather armour    |    41 |    30 ||    71
Dodge: Dodged            |   106 |   102 ||   208
